 Dungeon Crawl Stone Soup version 0.21.1 (webtiles) character file.

57 Mesmaeker13 the Ducker (level 3, -2/30 HPs)
             Began as a Demigod Gladiator on Feb 4, 2018.
             Killed by divine providence
             ... invoked by an orc priest
              (14 damage)
             ... on level 3 of the Dungeon.
             The game lasted 00:02:35 (1758 turns).

Mesmaeker13 the Ducker (Demigod Gladiator)          Turns: 1758, Time: 00:02:36

Health: -2/30      AC:  8    Str: 17    XL:     3   Next: 50%
Magic:  5/5        EV: 12    Int: 14    God:
Gold:   126        SH:  0    Dex: 17    Spells: 2/2 levels left

rFire    . . .     SeeInvis .   a - +0 long sword
rCold    . . .     Gourm    .   (no shield)
rNeg     . . .     Faith    .   h - +0 ring mail
rPois    .         Spirit   .   c - +0 helmet
rElec    .         Reflect  .   q - scarf {repulsion}
rCorr    .         Harm     .   p - +1 pair of gloves
MR       .....                  (no boots)
Stlth    +.........             (no amulet)
HPRegen  0.10/turn              (no ring)
MPRegen  0.09/turn              (no ring)

@: repel missiles
A: high mp 1
a: no special abilities


You were on level 3 of the Dungeon.
You were not hungry.

You visited 1 branch of the dungeon, and saw 3 of its levels.

You collected 126 gold pieces.

Inventory:

Hand Weapons
 a - a +0 long sword (weapon)
Missiles
 d - 3 throwing nets (quivered)
Armour
 c - a +0 helmet (worn)
 h - a +0 ring mail (worn)
 p - a +1 pair of gloves (worn)
 q - a scarf of repulsion (worn)
Scrolls
 g - a scroll of random uselessness {unknown}
 i - 3 scrolls of teleportation {unknown}
 k - a scroll of blinking {unknown}
 l - 2 scrolls of identify {unknown}
 n - 2 scrolls of amnesia {unknown}
Potions
 b - a potion of might {unknown}
 e - a potion of invisibility
 j - a potion of heal wounds {unknown}
 m - 2 potions of magic {unknown}
 o - a potion of curing
 r - a potion of lignification {unknown}
 s - a potion of degeneration {unknown}
 t - a potion of ambrosia {unknown}
Comestibles
 f - 6 rations


   Skills:
 + Level 2.6 Fighting
 + Level 3.2 Long Blades
 - Level 1.7 Throwing
 + Level 3.3 Dodging


You had 2 spell levels left.
You didn't know any spells.

Dungeon Overview and Level Annotations

Branches:
Dungeon (3/15)


Innate Abilities, Weirdness & Mutations

You have an increased reservoir of magic. (+10% MP)


Message History

An orc comes into view. It is wielding a short sword.
You hit the orc priest.
The orc priest is lightly wounded.
The orc wizard mumbles some strange words.
The orc wizard blinks!
You barely miss the orc priest.
The orc priest is lightly wounded.
The orc wizard gestures wildly while chanting.
The orc wizard seems to speed up.
The orc priest calls down the wrath of Beogh upon you.
Pain shoots through your body! The orc misses you.
You are too injured to fight recklessly!
You closely miss the orc priest.
The orc priest is lightly wounded.
The orc priest misses you.
You riposte.
You closely miss the orc priest.
The orc priest is lightly wounded.
You barely miss the orc. The orc hits you.
The orc priest invokes the aid of Beogh against you.
Beogh smites you!
You die...

#.#####.# #o ..#
###.### #o #.#
#<....# #. #.#
#.#.#.# #.
#.###.#...# #o
...##.###.# #o###
..#.#.....# #oo.#
.########.# ###o#
.# #.# #@# .#
####.# #.# .##
#....## #.#
..####.....# #.#
_......###.#####.#
.[#..............#
.##....###########
.......# .......#


You could see an orc priest and 3 orcs.

Vanquished Creatures
  3 adders
  A worm (D:2)
  8 bats
  2 giant cockroaches
  2 goblins (D:1)
  3 hobgoblins (D:1)
  A kobold (D:1)
  A quokka (D:2)
  8 rats
29 creatures vanquished.

Notes
Turn   | Place    | Note
-------+----------+-------------------------------------------
     0 | D:1      | Mesmaeker13 the Demigod Gladiator began the quest for the Orb.
     0 | D:1      | Reached XP level 1. HP: 17/17 MP: 3/3
     2 | D:1      | Noticed an elf
     2 | D:1      | Noticed a human
     4 | D:1      | Noticed a gargoyle
     6 | D:1      | Noticed a naga
     6 | D:1      | Noticed a tengu
     8 | D:1      | Noticed a demigod
     8 | D:1      | Noticed a dwarf
    10 | D:1      | Noticed a merfolk
    10 | D:1      | Noticed a felid
    12 | D:1      | Noticed a demonspawn
    14 | D:1      | Noticed an ogre
    16 | D:1      | Noticed an octopode
    16 | D:1      | Noticed a vine stalker
    18 | D:1      | Noticed a draconian
    18 | D:1      | Noticed a halfling
    20 | D:1      | Noticed a centaur
    22 | D:1      | Noticed a formicid
    22 | D:1      | Noticed a troll
    24 | D:1      | Noticed a vampire
    24 | D:1      | Noticed a minotaur
    26 | D:1      | Noticed a ghoul
    26 | D:1      | Noticed a spriggan
   257 | D:1      | Reached XP level 2. HP: 19/24 MP: 4/4
  1225 | D:2      | Reached XP level 3. HP: 21/30 MP: 5/5
  1599 | D:3      | Found an opulent altar of Gozag.
  1758 | D:3      | Killed from afar by an orc priest

Skill      XL: |  1  2 |
---------------+-------+-----
Fighting       | 2 |  2.6
Dodging        | 3 |  3.3
Long Blades    | 3 |  3.2
Throwing       | |  1.7

Action                   || total
-------------------------++-------
Melee: Long sword        ||   106
  Use: Potion            ||     2
  Eat: Chunk             ||     3
Armor: Ring mail         ||    53
       Leather armour    ||     3
Dodge: Dodged            ||    71
       Rpst.: Long sword ||    17
